[Event "fics rated crazyhouse match"]
[Site "fics, Oklahoma City, OK USA"]
[Date "2000.03.15"]
[White "LordPixel"]
[WhiteElo "2400"]
[Black "Eyefor"]
[BlackElo "2390"]
[TimeControl "0+1"]
[Result "1-0"]

1. e4 e6 2. d4 d5 3. exd5 exd5 4. Bb5+ Bd7 5. Qe2+ Qe7 6. Bxd7+ 
Nxd7 7. Bf4 Qxe2+ 8. Nxe2 Bb4+ 9. Nbc3 Ba5 10. B@h3 Ngf6 11. P@e5 Ne4 
12. Bxd7+ Kxd7 13. Q@b5+ Kc8 14. N@e7+ Kd8 15. Qxa5 Nxc3 16. Nxc3 N@e6 17. Nexd5 
B@f8 18. B@h4+ B@e7 19. Nxe7 Bxe7 20. Qd5+ Q@d7 21. Bxe7+ Kxe7 22. P@f6+ gxf6 
23. exf6+ Kd8 24. Qxd7+ Kxd7 25. Q@e7+ Kc8 26. B@d7+ Kb8 27. Bxe6 P@d2+ 28. Kxd2 
P@e3+ 29. Bxe3 fxe6 30. N@d7+ Kc8 31. Qxe6 N@c4+ 32. Qxc4 Kxd7 33. B@e6+ Ke8 
34. P@d7+ Kf8 35. P@e7# 
{Eyefor checkmated} 1-0

[Event "fics rated crazyhouse match"]
[Site "fics, Oklahoma City, OK USA"]
[Date "2000.03.15"]
[White "Eyefor"]
[WhiteElo "2382"]
[Black "LordPixel"]
[BlackElo "2408"]
[TimeControl "0+1"]
[Result "1-0"]

1. e4 e6 2. d4 Nf6 3. e5 Nd5 4. Nf3 d6 5. exd6 cxd6 6. Be2 
Nf4 7. Bxf4 Qa5+ 8. Bd2 Qb6 9. N@c4 Qd8 10. Ng5 P@b5 11. Bh5 g6 
12. Qf3 Qxg5 13. Bxg5 N@c6 14. Q@f6 Kd7 15. Qxh8 bxc4 16. Qxf7+ N@e7 17. Qhxf8 
gxh5 18. R@d8+ Nxd8 19. Q7xe7+ Kc6 20. Qxd6+ Kb5 21. N@c7+ Ka4 22. Qb4# 
{LordPixel checkmated} 1-0

[Event "fics rated crazyhouse match"]
[Site "fics, Oklahoma City, OK USA"]
[Date "2000.03.15"]
[White "LordPixel"]
[WhiteElo "2399"]
[Black "Eyefor"]
[BlackElo "2391"]
[TimeControl "0+1"]
[Result "0-1"]

1. e4 e6 2. d4 Nf6 3. e5 Nd5 4. Nf3 d6 5. exd6 cxd6 6. Be2 
Be7 7. O-O O-O 8. c4 Nb4 9. Qd2 N4c6 10. P@h6 gxh6 11. Qxh6 P@g7 
12. Qe3 P@g4 13. Ng5 Bxg5 14. Qxg5 Nxd4 15. Qxg4 e5 16. Qe4 N@c5 17. Qe3 
Nxe2+ 18. Qxe2 B@d3 19. Qd2 Bxc4 20. N@e3 Bxf1 21. Nxf1 R@d3 22. Qe2 Nc6 
23. B@c4 Nd4 24. Qxd3 Nxd3 25. Bxd3 P@e2 26. Bxh7+ Kxh7 27. N@d3 exf1=Q+ 28. Kxf1 
P@e2+ 29. Kg1 Q@f1# 
{LordPixel checkmated} 0-1

[Event "fics rated crazyhouse match"]
[Site "fics, Oklahoma City, OK USA"]
[Date "2000.03.15"]
[White "Eyefor"]
[WhiteElo "2399"]
[Black "LordPixel"]
[BlackElo "2391"]
[TimeControl "0+1"]
[Result "1-0"]

1. e4 Nf6 2. Nc3 d5 3. exd5 Nxd5 4. Nf3 e6 5. d4 Nxc3 6. bxc3 
P@e4 7. Bb5+ c6 8. Bg5 Qc7 9. Be2 exf3 10. Bxf3 N@b2 11. Qb1 N@c4 
12. P@b3 Bd6 13. bxc4 Nxc4 14. N@h5 f6 15. N@d2 Na3 16. Bxf6 Nxb1 17. Nxg7+ 
Kf7 18. Rxb1 Kxf6 19. N@e8+ Rxe8 20. Nxe8+ Ke7 21. Nxc7 Bxc7 22. P@f6+ Kxf6 
23. Q@f8+ Q@f7 24. Ne4+ Kf5 25. Qxf7+ P@f6 26. Qxf6# 
{LordPixel checkmated} 1-0

[Event "fics rated crazyhouse match"]
[Site "fics, Oklahoma City, OK USA"]
[Date "2000.03.15"]
[White "LordPixel"]
[WhiteElo "2383"]
[Black "Eyefor"]
[BlackElo "2407"]
[TimeControl "0+1"]
[Result "1-0"]

1. e4 Nf6 2. Nc3 d5 3. exd5 Nxd5 4. Nf3 e6 5. d4 Nxc3 6. bxc3 
P@e4 7. Bb5+ Nd7 8. Ng5 N@d6 9. Bxd7+ Bxd7 10. P@e5 B@a5 11. N@e2 h6 
12. N@c5 hxg5 13. exd6 cxd6 14. Nxb7 Qc7 15. Nxa5 Qxa5 16. N@b7 Qb6 17. P@a6 
P@b2 18. Bxb2 Qxb2 19. P@c7 Qb5 20. Nxd6+ Bxd6 21. P@b7 B@d5 22. bxa8=Q+ Bxa8 
23. R@d8+ Ke7 24. Rxh8 Bxc7 25. R@b2 P@d2+ 26. Qxd2 Qxb2 27. B@f8+ Kf6 28. Qc1 
N@d3+ 29. cxd3 P@d2+ 30. Qxd2 Qxa1+ 31. Nc1 exd3 32. N@h7+ Kf5 33. Qxg5+ Ke4 
34. f3# 
{Eyefor checkmated} 1-0

[Event "fics rated crazyhouse match"]
[Site "fics, Oklahoma City, OK USA"]
[Date "2000.03.15"]
[White "Eyefor"]
[WhiteElo "2398"]
[Black "LordPixel"]
[BlackElo "2392"]
[TimeControl "0+1"]
[Result "1-0"]

1. e4 e6 2. d4 d5 3. exd5 exd5 4. Bb5+ Nc6 5. Qe2+ Qe7 6. Bf4 
Qxe2+ 7. Nxe2 Bb4+ 8. Nbc3 Ba5 9. P@a6 Bxc3+ 10. Nxc3 Q@e7+ 11. B@e5 N@b4 
12. axb7 Bxb7 13. Kd1 Qh4 14. Bxg7 Qxf4 15. Q@f8+ Kd7 16. Bxc6+ Kxc6 17. P@b5+ 
Kb6 18. P@c5+ Ka5 19. N@b3# 
{LordPixel checkmated} 1-0

[Event "fics rated crazyhouse match"]
[Site "fics, Oklahoma City, OK USA"]
[Date "2000.03.15"]
[White "LordPixel"]
[WhiteElo "2384"]
[Black "Eyefor"]
[BlackElo "2406"]
[TimeControl "0+1"]
[Result "1-0"]

1. e4 Nf6 2. Nc3 d5 3. exd5 Nxd5 4. Nf3 e6 5. d4 Nxc3 6. bxc3 
P@e4 7. Bb5+ Nd7 8. Ng5 N@d6 9. Bxd7+ Bxd7 10. P@e5 B@a5 11. N@e2 h6 
12. N@c5 hxg5 13. exd6 cxd6 14. Nxb7 Qc7 15. Nxa5 Qxa5 16. N@b7 Qb6 17. P@a6 
P@b2 18. Bxb2 Qxb2 19. P@c7 Qb5 20. Nxd6+ Bxd6 21. P@b7 B@d5 22. bxa8=Q+ Bxa8 
23. R@d8+ Ke7 24. Rxh8 Bxc7 25. R@b2 P@d2+ 26. Qxd2 Qxb2 27. B@f8+ Kf6 28. Qc1 
N@d3+ 29. cxd3 P@d2+ 30. Qxd2 Qxa1+ 31. N@d1 N@g4 32. P@e5+ Bxe5 33. dxe5+ Nxe5 
34. B@e7+ Kf5 35. Qxg5# 
{Eyefor checkmated} 1-0

[Event "fics rated crazyhouse match"]
[Site "fics, Oklahoma City, OK USA"]
[Date "2000.03.15"]
[White "Eyefor"]
[WhiteElo "2397"]
[Black "LordPixel"]
[BlackElo "2393"]
[TimeControl "0+1"]
[Result "1-0"]

1. e4 Nf6 2. e5 Nd5 3. d4 e6 4. Nf3 Bb4+ 5. Bd2 Nc6 6. Bxb4 
Ncxb4 7. a3 Nc6 8. Nc3 Nxc3 9. bxc3 N@e4 10. N@h5 Rg8 11. B@b2 d5 
12. exd6 Qxd6 13. P@d3 Nxf2 14. Kxf2 P@e3+ 15. Kxe3 P@g4 16. N@f6+ gxf6 17. Nxf6+ 
Kd8 18. Nxg8 gxf3 19. Kf2 N@g4+ 20. Kxf3 N@f2 21. P@c5 Qf8 22. P@g7 B@b1 
23. gxf8=Q+ Kd7 24. Q@e8# 
{LordPixel checkmated} 1-0

[Event "fics rated crazyhouse match"]
[Site "fics, Oklahoma City, OK USA"]
[Date "2000.03.15"]
[White "LordPixel"]
[WhiteElo "2385"]
[Black "Eyefor"]
[BlackElo "2405"]
[TimeControl "0+1"]
[Result "1-0"]

1. e4 Nf6 2. Nc3 d5 3. exd5 Nxd5 4. Nf3 e6 5. d4 Nxc3 6. bxc3 
P@e4 7. Bb5+ c6 8. Bg5 Qc7 9. Be2 exf3 10. Bxf3 N@b2 11. Qb1 N@c4 
12. P@b3 Bd7 13. bxc4 Nxc4 14. P@b3 Na3 15. Qb2 P@f6 16. Be3 Na6 17. N@h5 
Nb5 18. N@e4 f5 19. Ng5 f6 20. a4 Nd6 21. Nh3 Qd8 22. N3f4 e5 
23. dxe5 fxe5 24. P@e6 exf4 25. exd7+ Qxd7 26. Nxf4 P@f7 27. B@d4 P@e4 28. Bh5 
N@c8 29. P@e6 Qe7 30. Bxf7+ Kd8 31. P@d7 Nxf7 32. dxc8=Q+ Rxc8 33. exf7 Qxf7 
34. N@e6+ Ke8 35. Nxg7+ Qxg7 36. Bxg7 P@d2+ 37. Bxd2 N@f3+ 38. gxf3 Bxg7 39. N@d6+ 
Kd7 40. P@e6+ Kxd6 41. Q@d7+ Kc5 42. b4+ Nxb4 43. Qxb4# 
{Eyefor checkmated} 1-0

[Event "fics rated crazyhouse match"]
[Site "fics, Oklahoma City, OK USA"]
[Date "2000.03.15"]
[White "Eyefor"]
[WhiteElo "2397"]
[Black "LordPixel"]
[BlackElo "2393"]
[TimeControl "60+0"]
[Result "1-0"]

1. e4 e6 2. d4 d5 3. exd5 exd5 4. Bb5+ Nc6 5. Qe2+ Qe7 6. Bf4 
Qxe2+ 7. Nxe2 Bb4+ 8. Nbc3 Ba5 9. P@a6 Bxc3+ 10. Nxc3 Q@e7+ 11. Q@e5 N@b4 
12. Qxe7+ Nxe7 13. Q@e2 Q@g4 14. Bxc6+ bxc6 15. Qxg4 Nxc2+ 16. Kd2 Bxg4 17. Kxc2 
B@f5+ 18. Kd2 Q@c2+ 19. Ke1 Qxb2 20. Q@c1 Qxc1+ 21. Rxc1 P@b2 22. Rd1 Bxd1 
23. Q@b7 R@e4+ 24. N@e2 Rxe2+ 25. Nxe2 N@d3+ 26. Kxd1 b1=Q+ 27. Qxb1 Nxf2+ 28. Ke1 
Bxb1 29. Kxf2 P@e3+ 30. Bxe3 Bxa2 31. P@b7 Rd8 32. B@e5 Nf5 33. Bxc7 Nxe3 
34. R@e5+ Kd7 35. Bxd8 Ng4+ 36. Ke1 P@f2+ 37. Kd2 Nxe5 38. Kd1 P@d2 39. dxe5 
Kxd8 40. R@c8+ Ke7 41. B@d6+ Ke6 42. Nd4+ Kd7 43. N@c5# 
{LordPixel checkmated} 1-0

[Event "fics rated crazyhouse match"]
[Site "fics, Oklahoma City, OK USA"]
[Date "2000.03.15"]
[White "LordPixel"]
[WhiteElo "2385"]
[Black "Eyefor"]
[BlackElo "2405"]
[TimeControl "60+0"]
[Result "0-1"]

1. e4 Nf6 2. e5 Nd5 3. d4 Nc6 4. Bc4 e6 5. Bxd5 exd5 6. Nc3 
B@b4 7. Ne2 d6 8. exd6 Bfxd6 9. P@c5 Be7 10. N@h5 Rg8 11. Bf4 Bg4 
12. Nhg3 Bxc3+ 13. bxc3 P@f3 14. Ng1 N@b2 15. Qc1 fxg2 16. Qxb2 gxh1=Q 17. Nxh1 
P@g2 18. Ng3 R@h1 19. N@e2 Bxe2 20. Kxe2 N@e6 21. Nh5 Nxf4+ 22. Nxf4 B@g4+ 
23. Kd2 Rxg1 24. P@d7+ Qxd7 25. N@f6+ Bxf6 26. Rxg1 N@c4+ 27. Kc1 P@d2+ 28. Kb1 
N@a3+ 29. Qxa3 Nxa3+ 30. Ka1 Q@c1+ 31. Rxc1 dxc1=Q+ 32. N@b1 Nxc2# 
{LordPixel checkmated} 0-1

[Event "fics rated crazyhouse match"]
[Site "fics, Oklahoma City, OK USA"]
[Date "2000.03.15"]
[White "LordPixel"]
[WhiteElo "2370"]
[Black "Eyefor"]
[BlackElo "2420"]
[TimeControl "60+0"]
[Result "1-0"]

1. e4 e6 2. d4 d5 3. exd5 exd5 4. Bb5+ Bd7 5. Qe2+ Qe7 6. Bxd7+ 
Nxd7 7. Bf4 Qxe2+ 8. Nxe2 Bb4+ 9. Nbc3 Ba5 10. B@h3 Ngf6 11. P@e5 Bxc3+ 
12. Nxc3 N@b4 13. exf6 Nxc2+ 14. Kd2 Nxf6 15. B@a4+ P@c6 16. Bxc2 Q@b4 17. Q@e5+ 
B@e7 18. N@f5 P@d3 19. Nxe7 P@d6 20. Nxd5+ dxe5 21. Nxb4 dxc2 22. Bxe5 Q@h4 
23. Q@e2 Qxh3 24. Bxf6+ B@e3+ 25. fxe3 Qh6 26. P@d7+ Kxd7 27. N@c5+ Ke8 28. P@d7+ 
Kf8 29. Bxg7+ Qxg7 30. P@e7+ Kxe7 31. N@f5+ Kf8 32. B@e7+ Kg8 33. Nxg7 B@h6 
34. Nf5 P@g7 35. Q@e8+ B@f8 36. Qxf7+ Kxf7 37. B@e6+ Kg6 38. Nh4# 
{Eyefor checkmated} 1-0

[Event "fics rated crazyhouse match"]
[Site "fics, Oklahoma City, OK USA"]
[Date "2000.03.15"]
[White "Eyefor"]
[WhiteElo "2411"]
[Black "LordPixel"]
[BlackElo "2379"]
[TimeControl "60+0"]
[Result "1-0"]

1. e4 Nf6 2. Nc3 d5 3. exd5 Nxd5 4. d4 e6 5. Nxd5 exd5 6. Nf3 
Nc6 7. Be2 P@e4 8. Ne5 Nxe5 9. dxe5 N@c4 10. Bxc4 dxc4 11. Qxd8+ Kxd8 
12. Q@d5+ N@d7 13. N@g5 B@h5 14. N@e6+ fxe6 15. Nxe6+ Ke7 16. N@f5+ Ke8 17. Nfxg7+ 
Bxg7 18. Nxg7+ Kf8 19. P@e7+ Kxe7 20. Qe6+ Kf8 21. P@e7+ Kxg7 22. Bh6# 
{LordPixel checkmated} 1-0

[Event "fics rated crazyhouse match"]
[Site "fics, Oklahoma City, OK USA"]
[Date "2000.03.15"]
[White "Eyefor"]
[WhiteElo "2409"]
[Black "LordPixel"]
[BlackElo "2381"]
[TimeControl "60+0"]
[Result "1-0"]

1. e4 Nf6 2. Nc3 d5 3. exd5 Nxd5 4. d4 e6 5. Nxd5 exd5 6. Nf3 
Nc6 7. Be2 P@e4 8. Ne5 Nxe5 9. dxe5 N@c4 10. Bxc4 dxc4 11. Qxd8+ Kxd8 
12. Q@d5+ N@d7 13. Qxc4 Nxe5 14. Qxe4 B@a5+ 15. P@c3 Bd6 16. P@c5 P@f5 17. Qh4+ 
Be7 18. Qd4+ Nd7 19. Qxg7 Q@e8 20. N@e6+ fxe6 21. N@f7+ Qxf7 22. Qxf7 Ne5 
23. Qg7 N@d3+ 24. cxd3 Nxd3+ 25. Kf1 P@e2+ 26. Kxe2 Nxc1+ 27. Raxc1 N@f4+ 28. Kd1 
B@g4+ 29. P@f3 Bxf3+ 30. gxf3 P@e2+ 31. Kd2 Rf8 32. Q@d4+ Bd7 33. Qxf4 h5 
34. Kxe2 Bxc5 35. Qfg5+ P@f6 36. Qxh5 Bab6 37. N@f7+ Rxf7 38. Qhxf7 Bb5+ 39. Kd1 
Ba4+ 40. P@c2 Bxc2+ 41. Rxc2 N@e8 42. Qd7# 
{LordPixel checkmated} 1-0

[Event "fics rated crazyhouse match"]
[Site "fics, Oklahoma City, OK USA"]
[Date "2000.03.15"]
[White "LordPixel"]
[WhiteElo "2374"]
[Black "Eyefor"]
[BlackElo "2416"]
[TimeControl "60+0"]
[Result "0-1"]

1. e4 Nf6 2. Nc3 d5 3. exd5 Nxd5 4. d4 e6 5. Nxd5 exd5 6. Nf3 
Nc6 7. Be2 P@e4 8. Ne5 Nxe5 9. dxe5 N@c4 10. Bxc4 dxc4 11. Qxd8+ Kxd8 
12. Q@d5+ N@d7 13. N@g5 B@h5 14. N@e6+ fxe6 15. Nxe6+ Ke7 16. N@f5+ Ke8 17. Nfxg7+ 
Bxg7 18. Qxc4 Q@d1# 
{LordPixel checkmated} 0-1

[Event "fics rated crazyhouse match"]
[Site "fics, Oklahoma City, OK USA"]
[Date "2000.03.15"]
[White "Eyefor"]
[WhiteElo "2423"]
[Black "LordPixel"]
[BlackElo "2367"]
[TimeControl "60+0"]
[Result "0-1"]

1. e4 e6 2. d4 d5 3. exd5 exd5 4. Bb5+ c6 5. Qe2+ Be7 6. Bf4 
cxb5 7. Qxb5+ B@c6 8. Qb3 Na6 9. P@b5 Qa5+ 10. Kd1 Qxb5 11. Qxb5 Bxb5 
12. P@e2 Q@f1+ 13. Kd2 Qxf2 14. Q@g3 Qxd4+ 15. Kc1 P@a3 16. c3 axb2+ 17. Kxb2 
P@a3+ 18. Nxa3 Bxa3+ 19. Kxa3 P@b4+ 20. Kb3 bxc3 21. Qxc3 Ba4+ 22. Kb2 Qxc3+ 
23. Kxc3 P@b4+ 24. Kd4 Q@e4# 
{Eyefor checkmated} 0-1

[Event "fics rated crazyhouse match"]
[Site "fics, Oklahoma City, OK USA"]
[Date "2000.03.15"]
[White "LordPixel"]
[WhiteElo "2376"]
[Black "Eyefor"]
[BlackElo "2414"]
[TimeControl "60+0"]
[Result "0-1"]

1. e4 Nf6 2. Nc3 d5 3. exd5 Nxd5 4. Nf3 e6 5. d4 Bb4 6. Bd2 
Bxc3 7. Bxc3 Nxc3 8. bxc3 P@b2 9. B@b5+ B@c6 10. Rb1 N@e4 11. N@a4 Nxf2 
12. Kxf2 P@e4 13. Ne5 Bxb5 14. Bxb5+ B@d7 15. Nxd7 Nxd7 16. Nc5 e3+ 17. Ke1 
N@f2 18. Bxd7+ Bxd7 19. Nxb7 Nxd1 20. N@d6+ cxd6 21. Nxd6+ Kf8 22. N@e4 Nxc3 
23. Nxc3 Q@d2+ 24. Kf1 Qf2# 
{LordPixel checkmated} 0-1

[Event "fics rated crazyhouse match"]
[Site "fics, Oklahoma City, OK USA"]
[Date "2000.03.15"]
[White "Eyefor"]
[WhiteElo "2421"]
[Black "LordPixel"]
[BlackElo "2369"]
[TimeControl "60+0"]
[Result "1-0"]

1. e4 Nf6 2. Nc3 d5 3. exd5 Nxd5 4. Nf3 e6 5. d4 Bb4 6. Bd2 
Bxc3 7. Bxc3 Nxc3 8. bxc3 P@b2 9. Bb5+ c6 10. B@g5 bxa1=Q 11. Qxa1 Qc7 
12. N@h5 R@e4+ 13. Kd1 N@f5 14. Bd3 h6 15. Bxh6 Rxh6 16. Nxg7+ Nxg7 17. Bxe4 
N@f6 18. P@d3 Ng4 19. R@g8+ B@f8 20. Rxf8+ Kxf8 21. B@g3 B@f4 22. Bxf4 Nxf2+ 
23. Ke2 Qxf4 24. B@b4+ Ke8 25. P@e3 Qxe4 26. dxe4 
{LordPixel forfeits on time} 1-0

[Event "fics rated crazyhouse match"]
[Site "fics, Oklahoma City, OK USA"]
[Date "2000.03.15"]
[White "LordPixel"]
[WhiteElo "2362"]
[Black "Eyefor"]
[BlackElo "2428"]
[TimeControl "60+0"]
[Result "1-0"]

1. e4 e6 2. d4 d6 3. Nf3 Nf6 4. Bd3 Be7 5. Nc3 Nc6 6. Bb5 
Ng4 7. d5 exd5 8. exd5 Nxf2 9. Kxf2 P@a6 10. Bxc6+ bxc6 11. dxc6 P@b7 
12. P@d7+ Bxd7 13. cxd7+ Qxd7 14. Ke1 P@b4 15. Nd5 P@g4 16. N@f5 gxf3 17. Nxg7+ 
Kf8 18. Qxf3 N@d4 19. Qf2 Bh4 20. g3 Qg4 21. N@d7+ Qxd7 22. gxh4 N@f3+ 
23. Kd1 B@e2+ 24. Qxe2 Nxe2 25. P@e7+ Qxe7 26. Nxe7 P@g2 27. Re1 Rb8 28. Kxe2 
Q@e5+ 29. Kxf3 Qxe1 30. N@d7+ Kxe7 31. Bg5+ Kxd7 32. N@f6+ Kc6 33. Q@d5+ Kb6 
34. P@a5# 
{Eyefor checkmated} 1-0

[Event "fics rated crazyhouse match"]
[Site "fics, Oklahoma City, OK USA"]
[Date "2000.03.15"]
[White "Eyefor"]
[WhiteElo "2419"]
[Black "LordPixel"]
[BlackElo "2371"]
[TimeControl "60+0"]
[Result "0-1"]

1. e4 Nf6 2. Nc3 d5 3. exd5 Nxd5 4. Nf3 e6 5. d4 Bb4 6. Bd2 
Bxc3 7. Bxc3 Nxc3 8. bxc3 P@b2 9. Bb5+ c6 10. B@g5 bxa1=Q 11. Qxa1 Qc7 
12. N@h5 R@e4+ 13. Kd1 N@f5 14. Bd3 h6 15. Bxh6 Rxh6 16. Nxg7+ Nxg7 17. Bxe4 
N@f6 18. P@d3 Ng4 19. R@g8+ B@f8 20. Rxf8+ Kxf8 21. B@g3 B@f4 22. P@h7 Bxg3 
23. P@e7+ Qxe7 24. fxg3 Nf2+ 25. Ke2 Nxe4 26. dxe4 B@b5+ 27. P@d3 Rxh7 28. N@g5 
Rh5 29. B@b4 P@d6 30. Nxf7 Qxf7 31. Bxd6+ P@e7 32. Bxb8 Rxb8 33. N@d8 Qg6 
34. P@c4 B@b6 35. cxb5 Bxd8 36. bxc6 bxc6 37. Ne5 Rxe5 38. dxe5 N@g4 39. R@h8+ 
B@g8 40. P@h7 R@f2+ 41. Kd1 N@e3+ 42. Ke1 P@d2# 
{Eyefor checkmated} 0-1

[Event "fics rated crazyhouse match"]
[Site "fics, Oklahoma City, OK USA"]
[Date "2000.03.15"]
[White "LordPixel"]
[WhiteElo "2380"]
[Black "Eyefor"]
[BlackElo "2410"]
[TimeControl "60+0"]
[Result "1-0"]

1. e4 e6 2. d4 Nc6 3. Be3 d5 4. e5 Bd7 5. Be2 Be7 6. Nh3 
Bb4+ 7. Kf1 h6 8. Nf4 Nge7 9. a3 Ba5 10. Bg4 a6 11. h4 Rb8 
12. h5 Rc8 13. a4 Rf8 14. Nd2 Bxd2 15. Qxd2 N@c4 16. Qc1 Nxe3+ 17. Qxe3 
B@c4+ 18. Ke1 Nb4 19. Qd2 Nec6 20. B@c5 a5 21. Bxf8 Kxf8 22. R@h8+ B@g8 
23. N@g6+ fxg6 24. Nxg6+ Kf7 25. P@h7 Bxh7 26. Rxd8 Rxd8 27. Qf4+ N@f5 28. Bxf5 
R@e2+ 29. Kd1 exf5 30. N@c5 P@g5 31. e6+ Rxe6 32. Qxf5+ P@f6 33. Nxb7 Re1+ 
34. Kxe1 Bxf5 35. Nxd8+ Nxd8 36. Q@e7+ Kg8 37. Qf8# 
{Eyefor checkmated} 1-0

[Event "fics rated crazyhouse match"]
[Site "fics, Oklahoma City, OK USA"]
[Date "2000.03.15"]
[White "Eyefor"]
[WhiteElo "2401"]
[Black "LordPixel"]
[BlackElo "2389"]
[TimeControl "60+0"]
[Result "1-0"]

1. e4 e6 2. d4 d5 3. exd5 exd5 4. Bb5+ Bd7 5. Qe2+ Qe7 6. Bxd7+ 
Nxd7 7. Bf4 Qxe2+ 8. Nxe2 Bb4+ 9. Nbc3 Ba5 10. B@h3 Ngf6 11. P@e5 Bxc3+ 
12. Nxc3 N@b4 13. exf6 Nxc2+ 14. Kd2 Nxf6 15. B@a4+ P@c6 16. Bxc2 Q@b4 17. Q@e5+ 
B@e7 18. N@f5 P@d3 19. Nxe7 P@d6 20. Nxd5+ dxe5 21. Nxb4 dxc2 22. Bxe5 Q@h4 
23. Q@e2 Qxh3 24. Bxf6+ B@e3+ 25. fxe3 Qh6 26. P@d7+ Kxd7 27. N@c5+ Ke8 28. P@d7+ 
Kf8 29. Bxg7+ Qxg7 30. N@e6+ fxe6 31. Nxe6+ Kg8 32. Nxg7 Kxg7 33. Q@e7+ P@f7 
34. Nxc2 Kg8 35. d8=Q+ Rxd8 36. Qxd8+ B@f8 37. P@e7 B@h6 38. Qxc7 P@b4 39. exf8=N 
bxc3+ 40. bxc3 N@e4+ 41. Ke1 Nxc3 42. Qd2 P@f2+ 43. Kf1 N@e4 44. R@g4+ Bg7 
45. Rxg7+ Kxg7 46. Ne6+ Kf6 47. B@h4# 
{LordPixel forfeits on time} 1-0

[Event "fics rated crazyhouse match"]
[Site "fics, Oklahoma City, OK USA"]
[Date "2000.03.15"]
[White "LordPixel"]
[WhiteElo "2381"]
[Black "Eyefor"]
[BlackElo "2409"]
[TimeControl "60+0"]
[Result "1-0"]

1. e4 e6 2. d4 d6 3. Nf3 Nf6 4. Bd3 Be7 5. e5 Ng4 6. Qe2 
Nc6 7. exd6 Bxd6 8. h3 Nxf2 9. Qxf2 P@g3 10. Qd2 Bb4 11. c3 Bd6 
12. N@h5 Kf8 13. P@e5 P@f2+ 14. Kd1 Bxe5 15. dxe5 P@h4 16. Nxg7 Nxe5 17. Nxe5 
Kxg7 18. B@f6+ Qxf6 19. N@h5+ Kf8 20. Nxf6 B@a4+ 21. P@c2 P@d6 22. Q@d8+ Be8 
23. Qxe8+ Kg7 24. Qxf7# 
{Eyefor checkmated} 1-0

[Event "fics rated crazyhouse match"]
[Site "fics, Oklahoma City, OK USA"]
[Date "2000.03.15"]
[White "Eyefor"]
[WhiteElo "2400"]
[Black "LordPixel"]
[BlackElo "2390"]
[TimeControl "60+0"]
[Result "1-0"]

1. e4 e6 2. d4 Nf6 3. e5 Nd5 4. Nf3 Nc6 5. Be2 d6 6. exd6 
cxd6 7. O-O Be7 8. c4 Ndb4 9. Nc3 P@g4 10. Ne1 Qb6 11. Be3 Na6 
12. P@b5 h5 13. bxa6 bxa6 14. N@a4 Qc7 15. Nd3 P@e5 16. dxe5 dxe5 17. P@b6 
Qb8 18. bxa7 Rxa7 19. Bxa7 Qxa7 20. P@b6 Qb8 21. R@c7 P@b7 22. Rxc6 bxc6 
23. N@c7+ Kf8 24. Nxe5 R@d6 25. Qxd6 
{LordPixel forfeits on time} 1-0

[Event "fics rated crazyhouse match"]
[Site "fics, Oklahoma City, OK USA"]
[Date "2000.03.15"]
[White "LordPixel"]
[WhiteElo "2382"]
[Black "Eyefor"]
[BlackElo "2408"]
[TimeControl "60+0"]
[Result "1-0"]

1. e4 Nf6 2. Nc3 e6 3. e5 Nd5 4. d4 Bb4 5. Bd2 Bxc3 6. bxc3 
N@e4 7. Ne2 Nxf2 8. Kxf2 P@e3+ 9. Bxe3 Nxe3 10. Kxe3 d6 11. exd6 Qxd6 
12. P@e5 Qe7 13. B@b4 Qd7 14. N@f6+ gxf6 15. N@g7+ Kd8 16. P@e7+ Qxe7 17. Bxe7+ 
Kxe7 18. exf6+ Kxf6 19. Q@e5+ Ke7 20. Qxc7+ Nd7 21. P@d6+ Kf8 22. Nxe6+ Kg8 
23. Qd8+ B@f8 24. P@e7 fxe6 25. e8=Q N@c4+ 26. Kf3 P@e4+ 27. Kg3 N@f5+ 28. Kh3 
P@g4+ 29. Kxg4 Nce3+ 30. Kf4 P@e5+ 31. dxe5 Nxd1 32. P@f7+ Kg7 33. Qg5+ B@g6 
34. P@f6+ Nxf6 35. exf6# 
{Eyefor checkmated} 1-0

[Event "fics rated crazyhouse match"]
[Site "fics, Oklahoma City, OK USA"]
[Date "2000.03.15"]
[White "Eyefor"]
[WhiteElo "2399"]
[Black "LordPixel"]
[BlackElo "2391"]
[TimeControl "60+0"]
[Result "1-0"]

1. e4 e6 2. d4 d6 3. Nc3 Nf6 4. Nf3 Be7 5. Be2 Nc6 6. Be3 
Ng4 7. Qd2 e5 8. d5 Nb8 9. Bb5+ Nd7 10. Bg5 a6 11. Bxe7 Qxe7 
12. B@h4 Qf8 13. Qg5 Nf6 14. Bxd7+ Bxd7 15. Nxe5 h6 16. Nxd7 Nxd7 17. P@e7 
hxg5 18. exf8=Q+ Rxf8 19. Bxg5 P@f6 20. N@f5 O-O-O 21. Q@a8+ Nb8 22. P@a7 Kd7 
23. B@e6+ fxe6 24. dxe6+ Kxe6 25. P@e7 fxg5 26. exf8=N+ Kf7 27. axb8=Q Rxb8 28. Qxb8 
P@d2+ 29. Kxd2 N@c4+ 30. Ke1 Q@d2+ 31. Kf1 Qxc2 32. R@e7+ Kg8 33. Rxg7+ Kh8 
34. N@g6# 
{LordPixel checkmated} 1-0

[Event "fics rated crazyhouse match"]
[Site "fics, Oklahoma City, OK USA"]
[Date "2000.03.15"]
[White "LordPixel"]
[WhiteElo "2384"]
[Black "Eyefor"]
[BlackElo "2406"]
[TimeControl "60+0"]
[Result "0-1"]

1. e4 e6 2. d4 d6 3. Nf3 Nf6 4. Bd3 Be7 5. e5 Nd5 6. O-O 
Nc6 7. exd6 Bxd6 8. P@e5 Bb4 9. a3 Be7 10. h3 P@c5 11. dxc5 Bxc5 
12. P@b5 Nd4 13. Nxd4 Bxd4 14. N@f3 Bc5 15. Bg5 P@h2+ 16. Kxh2 Be7 17. Bxe7 
Qxe7 18. B@h4 Qd7 19. Kg1 N@e3 20. fxe3 Nxe3 21. Qe2 Nxf1 22. Kxf1 R@h1+ 
23. N@g1 P@h2 24. Nxh2 Qd4 25. Bf2 Qxb2 26. N@h5 Qxa1 27. Nxg7+ Kf8 28. P@e7+ 
Kxe7 29. P@f6+ Kd7 30. Qe1 Rxh2 31. P@e7 P@a2 32. Nd2 Qxe1+ 33. Bxe1 N@e3+ 
34. Ke2 Q@d1+ 35. Kxe3 Qxe1# 
{LordPixel forfeits on time} 0-1

[Event "fics rated crazyhouse match"]
[Site "fics, Oklahoma City, OK USA"]
[Date "2000.03.15"]
[White "Eyefor"]
[WhiteElo "2413"]
[Black "LordPixel"]
[BlackElo "2377"]
[TimeControl "60+0"]
[Result "0-1"]

1. e4 Nf6 2. Nc3 d5 3. exd5 Nxd5 4. d4 e6 5. Nxd5 exd5 6. Nf3 
Nc6 7. Be2 P@e4 8. Ne5 Nxe5 9. dxe5 N@c4 10. Bxc4 dxc4 11. Qxd8+ Kxd8 
12. Q@d5+ Q@d7 13. Qxd7+ Bxd7 14. Q@d5 N@b4 15. Qxe4 B@d5 16. Bg5+ Kc8 17. Qe2 
Bxg2 18. P@e7 Nxc2+ 19. Qxc2 Q@a5+ 20. Qc3 Qxc3+ 21. bxc3 Bxe7 22. Bxe7 P@b2 
23. Rd1 Bxh1 24. N@c5 R@g1+ 25. N@f1 Rxf1+ 26. Kxf1 P@g2+ 27. Ke1 Q@f1+ 28. Kd2 
Qxf2+ 29. P@e2 N@f3+ 30. Kc2 Qxe2+ 31. N@d2 b1=Q+ 32. Kxb1 Qxd1+ 33. Kb2 R@c2+ 
34. Ka3 Rxc3+ 35. N@b3 Nxd2 36. P@b2 N@c2# 
{Eyefor checkmated} 0-1

[Event "fics rated crazyhouse match"]
[Site "fics, Oklahoma City, OK USA"]
[Date "2000.03.15"]
[White "LordPixel"]
[WhiteElo "2386"]
[Black "Eyefor"]
[BlackElo "2404"]
[TimeControl "60+0"]
[Result "1-0"]

1. e4 e6 2. d4 Nf6 3. e5 Nd5 4. Nf3 Nc6 5. Be2 d6 6. exd6 
Bxd6 7. O-O O-O 8. Nc3 Nxc3 9. bxc3 N@e4 10. N@b5 Be7 11. P@h6 gxh6 
12. Bxh6 P@g7 13. Bxg7 Kxg7 14. P@d3 Nxf2 15. Rxf2 P@e3 16. Rf1 P@f2+ 17. Kh1 
Kg8 18. N@h6+ Kh8 19. Ng4 B@f4 20. P@g3 Rg8 21. Nxf2 Bxg3 22. hxg3 exf2 
23. B@e5+ Nxe5 24. Nxe5 B@e8 25. Rxf2 N@e3 26. Qc1 Rxg3 27. P@g7+ Rxg7 28. Qxe3 
Bxb5 29. Nxf7+ Rxf7 30. Rxf7 P@g7 31. Qe5 N@f2+ 32. Rxf2 N@d6 33. P@f7 P@d2 
34. f8=N Bxf8 35. Qf4 d1=Q+ 36. Rxd1 P@f7 37. P@e5 P@g5 38. Qh2 Bcd7 39. exd6 
Bxd6 40. N@g6+ fxg6 41. N@f7+ Kg8 42. R@h8# 
{Eyefor checkmated} 1-0

[Event "fics rated crazyhouse match"]
[Site "fics, Oklahoma City, OK USA"]
[Date "2000.03.15"]
[White "Eyefor"]
[WhiteElo "2396"]
[Black "LordPixel"]
[BlackElo "2394"]
[TimeControl "60+0"]
[Result "1-0"]

1. e4 e6 2. d4 d5 3. exd5 exd5 4. Bb5+ c6 5. Qe2+ Be6 6. Bf4 
cxb5 7. Qxb5+ B@c6 8. Qe2 P@c7 9. P@f5 Bd7 10. fxe6 Bxe6 11. P@f5 Bb4+ 
12. Kf1 Bd6 13. Bxd6 Qxd6 14. B@b5+ P@c6 15. fxe6 fxe6 16. B@e5 Qd7 17. Bxg7 
Qxg7 18. Qxe6+ Kd8 19. P@f7 Qf8 20. fxg8=Q Rxg8 21. P@e7+ Qxe7 22. Qxg8+ B@e8 
23. N@e6+ Kc8 24. B@f6 B@f7 25. Bxe7 P@e2+ 26. Nxe2 Kd7 27. Q@d8+ Kxe6 28. R@e5# 
{LordPixel checkmated} 1-0